 Dungeon Crawl Stone Soup version 0.30-a0-364-gf6b3ef1049 (webtiles) character file.

Game seed: 13839232970040445777

63 Manisia the Vexing (level 3, 26/26 HPs)
             Began as a Demonspawn Enchanter on Nov 15, 2022.
             Quit the game on level 2 of the Dungeon.
             The game lasted 00:04:05 (1929 turns).

Manisia the Vexing (Demonspawn Enchanter)           Turns: 1929, Time: 00:04:06

Health: 26/26      AC:  3    Str: 10    XL:     3   Next: 87%
Magic:  6/6        EV: 12    Int: 16    God:
Gold:   121        SH:  0    Dex: 13    Spells: 3/6 levels left

rFire   . . .      SeeInvis .    a - +2 dagger
rCold   . . .      Faith    .    (no shield)
rNeg    . . .      Spirit   .    b - +0 robe
rPois   .          Reflect  .    (no helmet)
rElec   .          Harm     .    j - +0 cloak
rCorr   .          Rampage  .    (no gloves)
Will    +....                    (no boots)
Stlth   ++........               (no amulet)
HPRegen 0.24/turn                e - ring of willpower
MPRegen 0.20/turn                (no ring)

@: no status effects
A: foul stench 1, magic regeneration
a: no special abilities


You were on level 2 of the Dungeon.
You visited 1 branch of the dungeon, and saw 2 of its levels.

You collected 121 gold pieces.

Inventory:

Hand Weapons
 a - a +2 dagger (weapon)
Armour
 b - a +0 robe (worn)
 j - a +0 cloak (worn)
Jewellery
 e - a ring of willpower (left hand)
 k - a +6 ring of strength
Potions
 c - a potion of cancellation {unknown}
 d - a potion of curing {unknown}
 f - 2 potions of might {unknown}
 g - 3 potions of resistance {unknown}
 i - a potion of mutation {unknown}
 n - a potion of ambrosia {unknown}


   Skills:
 + Level 1.1 Fighting
 - Level 1.0 Short Blades
 + Level 2.7 Dodging
 - Level 3.0 Stealth
 + Level 2.3 Spellcasting
 + Level 3.3 Hexes


You had 3 spell levels left.
You knew the following spells:

 Your Spells              Type           Power      Damage    Failure   Level
a - Tukima's Dance        Hex            12%        N/A       16%         3

Your spell library contained the following spells:

 Spells                   Type           Power      Damage    Failure   Level
 Ensorcelled Hibernation  Hex/Ice        14%        N/A       16%         2
 Confusing Touch          Hex            12%        N/A       16%         3
 Dazzling Flash           Conj/Hex       14%        N/A       30%         3


Dungeon Overview and Level Annotations

Branches:
Dungeon (2/15)

Altars:

Shops:
D:2 [


Innate Abilities, Weirdness & Mutations

You may rarely emit foul miasma when damaged in melee.
You regenerate magic rapidly.


Message History

No target in view!
You now have 121 gold pieces (gained 14).
o - a scroll labelled YNLAOZ HETOIP
Found a stone staircase leading up.
Found an escape hatch in the floor.
A quokka comes into view.
A quokka is nearby!
A quokka is nearby!
There is an escape hatch in the floor here.
The helpless quokka fails to defend itself.
You puncture the quokka!
You kill the quokka!
No target in view!
No target in view!
No target in view!
No target in view!
You open the door.
There is an open door here.
There is an open door here.
There is an open door here.
You open the door.
There is an open door here.
There is an open door here.
Key pressed, stopping explore.
Done exploring.
Done exploring.
As you read the scroll labelled FITE SOQUU, it crumbles to dust.
Wisps of shadow whirl around you...
It was a scroll of summoning.
As you read the scroll labelled UDAHIE EKAWUN, it crumbles to dust.
You assume a fearsome visage.
Nothing appears to happen.
It was a scroll of fear.
The air fills with toxic fumes!
As you read the scroll labelled BYDAOF UHAA, it crumbles to dust.
It was a scroll of poison.
As you read the scroll labelled YNLAOZ HETOIP, it crumbles to dust.
It is a scroll of enchant weapon.
Your +1 dagger glows red for a moment.
Welcome back, Manisia the Demonspawn Enchanter.
Press ? for a list of commands and other information.
Are you sure you want to abandon this character and quit the game? (Confirm with "yes".)

#.# #.# #.#.# #.#
#.# #.#§#
#.#######.# #.#§#
#......##.# #.#§#
#.####.##.# #.#§#
#.........####.#§#
#..............#g#
#.###..#..####.#J#
#.# #..#..####.#@###
#.# #....§§§§§§S§§§#
#.###.#..§§§§§§§§§§#
#........§#####§§###
#.##..#...#####§§###
#.##..........§§§§.#
#.##......#####§####
#.##......#####§###
#.##..............#


You could see a friendly adder (summoned), a friendly endoplasm (summoned) and a
friendly hobgoblin (summoned).

Vanquished Creatures
  An adder (D:2)
  A worm (D:2)
  A dart slug (D:1)
  6 ball pythons
  3 endoplasms
  2 giant cockroaches
  5 goblins
  3 hobgoblins (D:2)
  3 jackals
  3 kobolds
  4 quokkas
  6 bats
  2 frilled lizards (D:1)
  3 rats
43 creatures vanquished.

Notes
Turn   | Place    | Note
-------+----------+-------------------------------------------
     0 | D:1      | Manisia the Demonspawn Enchanter began the quest for the
                  | Orb.
     0 | D:1      | Reached XP level 1. HP: 13/13 MP: 3/3
   336 | D:1      | Gained mutation: You may rarely emit foul miasma when
                  | damaged in melee. [demonic ancestry]
   336 | D:1      | Reached XP level 2. HP: 19/19 MP: 5/5
   339 | D:1      | You fall into a shaft and drop 1 floor!
   721 | D:1      | Reached skill level 1 in Short Blades
   870 | D:2      | Found Qiap's Antique Armour Emporium.
   890 | D:2      | Gained mutation: You regenerate magic rapidly. [demonic
                  | ancestry]
   890 | D:2      | Reached XP level 3. HP: 25/25 MP: 6/6
  1014 | D:2      | Learned a level 3 spell: Tukima's Dance
  1293 | D:2      | Reached skill level 1 in Fighting
  1929 | D:2      | Quit the game

Illustrated notes

Levels and vault maps discovered:
D:1:      minmay_arrival_up_and_down, layout_loops_cross
D:2:      wad_river_or_something, layout_basic, serial_shops,
          nicolae_shop_hallway_plus, minmay_pentomino_q2

Skill      XL: |  1  2  3 |
---------------+----------+-----
Stealth        | 3 |  3.0
Dodging        | 2 |  2.7
Short Blades   | 1 |  1.0
Fighting       | 1 |  1.1
Spellcasting   | |  2.3
Hexes          | |  3.3

Action                   || total
-------------------------++-------
Melee: Dagger            ||   182
  Use: Potion            ||     2
       Scroll            ||     5
 Stab: Sleeping          ||     9
Armor: Robe              ||    30
Dodge: Dodged            ||   131

Table legend: (Time is in decaauts)
 A = Elapsed time spent in this place.
 B = Non-inter-level travel time spent in this place.
 C = Inter-level travel time spent in this place.
 D = Time resting spent in this place.
 E = Time spent auto-exploring this place.
 F = Levels seen in this place.
 G = Mean time per level.
                   A        B        C        D        E       F      G
               +--------+--------+--------+--------+--------+-----+--------+
         Total |   1921 |   1915 |      6 |      0 |   1476 |   2 |  960.5 |
       Dungeon |   1921 |   1915 |      6 |      0 |   1476 |   2 |  960.5 |
               +--------+--------+--------+--------+--------+-----+--------+

Top non-repeatable levels by time:
     D:2: 1099 daAuts
     D:1: 821 daAuts
